 Dungeon Crawl Stone Soup version 0.18-a0-1628-g61c6396 (webtiles) character file.

11981 Ladykiller69 the Destroyer (level 11, -11/54 HPs)
             Began as a Deep Elf Conjurer on Mar 25, 2016.
             Was a Priest of Vehumet.
             Mangled by a spiny frog (22 damage)
             ... on level 1 of the Lair of Beasts.
             The game lasted 03:17:03 (10999 turns).

Ladykiller69 the Destroyer (Deep Elf Conjurer)     Turns: 10999, Time: 03:17:03

Health: -11/54     AC:  2    Str:  5    XL:     11   Next: 56%
Magic:  26/27      EV: 22    Int: 24    God:    Vehumet [***...]
Gold:   471        SH:  0    Dex: 20    Spells: 9 memorised, 6 levels left

rFire  . . .     SeeInvis .     (weapon currently unavailable)
rCold  . . .     Gourm    .     (armour currently unavailable)
rNeg   . . .     Faith    .     (shield currently unavailable)
rPois  x         Spirit   .     (helmet currently unavailable)
rElec  .         Dismiss  .     (cloak currently unavailable)
rCorr  +         Reflect  .     (gloves currently unavailable)
SustAt .         Harm     .     (boots currently unavailable)
MR     +....                    (no amulet)
Stlth  ++++++....               (no ring)
                                F - ring of resist corrosion

@: spider-form (expiring), very slightly contaminated, somewhat resistant to
hostile enchantments, very stealthy
A: no striking features
a: End Transformation, Renounce Religion


You were on level 1 of the Lair of Beasts.
You worshipped Vehumet.
Vehumet was most pleased with you.
You were not hungry.
You were a venomous arachnid creature.
You visited 3 branches of the dungeon, and saw 14 of its levels.
You also visited: Ossuary.

You collected 471 gold pieces.

Inventory:

Hand Weapons
 G - a +3 quarterstaff of chaos
 X - the +7 quarterstaff "Qotixuoj" (melded) {crush, -Tele MP+9 Int+6 SInv}
   (You found it on level 11 of the Dungeon)

   It inflicts extra damage upon your enemies.
   It affects your intelligence (+6).
   It affects your magic capacity (+9).
   It lets you see invisible.
   It prevents most forms of teleportation.
Armour
 H - a +0 cloak (melded)
 M - a +1 pair of gloves (melded)
 V - a +2 robe of cold resistance (melded)
 W - the +2 helmet of the Monkey's Uncle (melded) {Dex+4 SInv}
   (You found it on level 9 of the Dungeon)

   It affects your dexterity (+4).
   It lets you see invisible.
Jewellery
 m - an uncursed amulet of harm
 F - a ring of resist corrosion (left front leg)
Wands
 w - a wand of paralysis (2/24)
 B - a wand of iceblast (15/15)
 D - a wand of confusion (30/48)
 I - a wand of slowing (24/48)
 J - a wand of flame (27/48)
 O - a wand of polymorph (5/24)
 P - a wand of acid (9/15)
 R - a wand of acid (6/15)
 T - a wand of lightning (5/15)
 U - a wand of confusion (39/48)
Scrolls
 e - a scroll of identify
 h - 5 scrolls of remove curse
 j - a scroll of enchant armour
 u - 2 scrolls of enchant weapon
 x - a scroll of blinking
 y - 5 scrolls of recharging
Potions
 d - 3 potions of lignification
 g - 3 potions of flight
 i - 4 potions of degeneration
 l - 2 potions of heal wounds
 n - a potion of brilliance
 p - a potion of ambrosia
 r - 2 potions of magic
 s - 2 potions of invisibility {unknown}
 t - 4 potions of curing
 v - a potion of mutation {unknown}
 K - 2 potions of resistance {unknown}
 N - a potion of might {unknown}
Books
 a - a book of Ice

   Spells                             Type                      Level
   a - Ice Form                       Ice/Transmutation            4
   b - Metabolic Englaciation         Hexes/Ice                    5
   c - Ozocubu's Refrigeration        Ice                          6
   d - Bolt of Cold                   Conjuration/Ice              6
   e - Freezing Cloud                 Conjuration/Ice/Air          6
   f - Simulacrum                     Ice/Necromancy               6
 b - a book of Conjurations

   Spells                             Type                      Level
   a - Magic Dart                     Conjuration                  1
   b - Searing Ray                    Conjuration                  2
   c - Dazzling Spray                 Conjuration/Hexes            3
   d - Fulminant Prism                Conjuration/Hexes            4
   e - Iskenderun's Mystic Blast      Conjuration                  4
   f - Iskenderun's Battlesphere      Conjuration/Charms           5
 q - a Fen Folio

   Spells                             Type                      Level
   a - Corpse Rot                     Necromancy                   2
   b - Stone Arrow                    Conjuration/Earth            3
   c - Leda's Liquefaction            Hexes/Earth                  4
   d - Summon Forest                  Summoning/Translocation      5
   e - Hydra Form                     Transmutation                6
   f - Summon Hydra                   Summoning                    7
 A - a Young Poisoner's Handbook

   Spells                             Type                      Level
   a - Sting                          Conjuration/Poison           1
   b - Cure Poison                    Poison                       2
   c - Mephitic Cloud                 Conjuration/Poison/Air       3
   d - Olgreb's Toxic Radiance        Poison                       4
   e - Venom Bolt                     Conjuration/Poison           5
 C - a book of Envenomations

   Spells                             Type                      Level
   a - Spider Form                    Transmutation/Poison         3
   b - Olgreb's Toxic Radiance        Poison                       4
   c - Alistair's Intoxication        Transmutation/Poison         5
   d - Poisonous Cloud                Conjuration/Poison/Air       6
 Q - a book of Party Tricks

   Spells                             Type                      Level
   a - Summon Butterflies             Summoning                    1
   b - Apportation                    Translocation                1
   c - Tukima's Dance                 Hexes                        3
   d - Alistair's Intoxication        Transmutation/Poison         5
   e - Invisibility                   Hexes                        6
 S - a book of Dreams

   Spells                             Type                      Level
   a - Ensorcelled Hibernation        Hexes/Ice                    2
   b - Silence                        Hexes/Air                    5
   c - Darkness                       Hexes                        6
   d - Shadow Creatures               Summoning                    6
Miscellaneous
 E - a stone of tremors
 Y - a phial of floods
 Z - a fan of gales
Comestibles
 c - 2 bread rations
 f - 18 fruits
 o - 4 beef jerkies
 z - 8 meat rations
 L - 2 royal jellies


   Skills:
 + Level 5.3 Staves
 - Level 3.2 Dodging
 + Level 9.8 Stealth
 + Level 10.0 Spellcasting
 * Level 12.2 Conjurations
 + Level 8.7 Hexes
 + Level 9.7 Charms


You had 6 spell levels left.
You knew the following spells:

 Your Spells              Type           Power        Failure   Level  Hunger
a - Magic Dart            Conj           ####         1%          1    None
b - Dazzling Spray        Conj/Hex       ######..     1%          3    None
c - Iskenderun's Battles  Conj/Chrm      ######..     1%          5    ####...
d - Fulminant Prism       Conj/Hex       ######....   1%          4    #......
e - Spider Form           Trmt/Pois      ##........   36%         3    None
f - Summon Butterflies    Summ           ##......     17%         1    None
g - Apportation           Tloc           ##........   17%         1    None
h - Tukima's Dance        Hex            ######..     3%          3    None
i - Conjure Flame         Conj/Fire      #####...     1%          3    None


Dungeon Overview and Level Annotations

Branches:
Dungeon (12/15)            Temple (1/1) D:7            Lair (1/8) D:9
    Orc: D:9-12

Altars:
Ashenzari
Cheibriados
Dithmenos
Elyvilon
Fedhas
Gozag
Kikubaaqudgha
Makhleb
Nemelex Xobeh
Okawaru
Pakellas
Qazlal
Ru
Trog
Vehumet
Xom
Yredelemnul
Zin
The Shining One

Shops:
D:5 [   D:7 [   D:10 [

Annotations:
D:4 Eustachio
Lair:1 Mulqof's ghost, journeyman DsGl


Message History

Press: ? - help, v - describe, . - travel
Here: a crocodile The floor.
The spiny frog croaks.
A river rat comes into view.
Level annotation: Mulqof's ghost, journeyman DsGl Welcome back, Ladykiller69 the Deep Elf Conjurer.
Vehumet says: Let it end in hellfire!
Press ? for a list of commands and other information.
The spiny frog misses you.
Your transformation is almost over.
The iguana hisses menacingly.
Read which item? (? for menu, Esc to quit)
Okay, then.
Cast which spell? (? or * to list)
You miscast Summon Butterflies.
You are very lightly contaminated with residual magic.
Nothing appears to happen.
The spiny frog closely misses you. The spiny frog stings you!!
You die...

..........##...
....##.....##... ###
....##.....##...
##..####....##.###..#...
............######.P#...
........................
.......................)
..................ยง.....
PP.####s#...............
.......F+...............
..r...rt...#+##..#......
.......l...#............
........#..#......#.....
........#..#......#.....
...>W......#............ ..
........#.........P.....
...####.P#..#..P......#.....


You could see a spiny frog, a crocodile, an iguana, Mulqof's ghost and 2 river
rats.

Vanquished Creatures
  A hydra (D:11)
  Urug (D:11)
  A hill giant (D:11)
  A deep elf mage (D:9)
  An ugly thing (D:11)
  Joseph (D:8)
  A troll (D:10)
  18 yaks
  A wyvern (D:11)
  A basilisk (D:9)
  A hungry ghost (D:11)
  2 hippogriffs
  A porcupine (D:9)
  2 sky beasts
  3 ice beasts
  A black bear (D:11)
  3 orc warriors
  A phantom (D:6)
  A wasp (D:7)
  6 ogres
  A necrophage (D:10)
  8 centaurs
  5 crocodiles
  Blork the orc (D:4)
  4 giant frogs
  A gnoll sergeant (D:10)
  3 scorpions
  6 wights
  8 killer bees
  2 howler monkeys
  4 crimson imps
  A quasit (D:9)
  3 jellies
  8 hounds
  3 orc priests
  2 giant frog skeletons (D:10)
  Crazy Yiuf (D:6)
  6 orc wizards
  A centaur skeleton (D:9)
  4 iguanas
  9 worker ants
  11 sheep (D:9)
  2 hound skeletons
  A mummy (Ossuary)
  A worker ant zombie (D:8)
  10 adders
  10 gnolls
  6 river rats (D:9)
  4 shadow imps
  3 adder zombies
  A worm (D:3)
  11 giant geckos
  26 orcs
  4 bats
  3 giant cockroaches
  5 goblins
  7 hobgoblins
  7 jackals
  9 kobolds
  4 quokkas
  2 ball pythons (D:4)
  A giant gecko skeleton (D:4)
  6 giant newts
  A quokka zombie (D:6)
  7 rats
271 creatures vanquished.

Vanquished Creatures (others)
  A centaur (D:11)
  A wyvern skeleton (D:11)
  A river rat (D:9)
  A bush (D:9)
  8 fulminant prisms
  2 fungi (D:9)
  10 plants (D:9)
24 creatures vanquished.

Grand Total: 295 creatures vanquished

Notes
Turn   | Place    | Note
--------------------------------------------------------------
     0 | D:1      | Ladykiller69 the Deep Elf Conjurer began the quest for the Orb.
     0 | D:1      | Reached XP level 1. HP: 10/10 MP: 6/6
    16 | D:1      | Noticed a minotaur skeleton
    16 | D:1      | Noticed a minotaur skeleton
   277 | D:1      | Reached XP level 2. HP: 15/15 MP: 4/8
   439 | D:1      | Reached skill level 5 in Conjurations
   955 | D:2      | Reached XP level 3. HP: 19/19 MP: 6/9
   961 | D:2      | Learned a level 3 spell: Dazzling Spray
  1141 | D:2      | Found a shimmering altar of Xom.
  1147 | D:2      | Found a shimmering altar of Xom.
  1473 | D:3      | Found a snail-covered altar of Cheibriados.
  1510 | D:3      | Found a glowing silver altar of Zin.
  1804 | D:4      | Found a basalt altar of Yredelemnul.
  1806 | D:4      | Noticed a scorpion
  1869 | D:4      | Reached XP level 4. HP: 24/24 MP: 5/11
  1894 | D:4      | Found a sand-covered staircase.
  1899 | Ossuary  | Entered an ossuary
  2101 | D:4      | Noticed Blork the orc
  2112 | D:4      | Killed Blork the orc
  2112 | D:4      | Reached skill level 6 in Conjurations
  2112 | D:4      | Reached XP level 5. HP: 28/28 MP: 0/13
  2276 | D:4      | Noticed Eustachio
  2404 | D:5      | Entered Level 5 of the Dungeon
  2405 | D:5      | Found Oluowk's Antique Armour Emporium.
  2425 | D:5      | Reached skill level 5 in Spellcasting
  2432 | D:5      | Learned a level 5 spell: Iskenderun's Battlesphere
  2453 | D:5      | Found a sparkling altar of Nemelex Xobeh.
  2582 | D:5      | Reached skill level 1 in Charms
  2582 | D:5      | Reached XP level 6. HP: 17/32 MP: 0/15
  2830 | D:5      | Found an iron altar of Okawaru.
  3032 | D:4      | Found a blossoming altar of Fedhas.
  3402 | D:4      | Reached XP level 7. HP: 27/36 MP: 3/17
  3602 | D:5      | Reached skill level 7 in Conjurations
  3739 | D:6      | Reached skill level 5 in Stealth
  3842 | D:6      | Reached skill level 1 in Hexes
  4313 | D:6      | Noticed Crazy Yiuf
  4324 | D:6      | Killed Crazy Yiuf
  4324 | D:6      | Reached skill level 5 in Charms
  4348 | D:6      | Learned a level 4 spell: Fulminant Prism
  4495 | D:6      | Noticed a yak
  4515 | D:6      | Noticed a yak
  4515 | D:6      | Killed a yak
  4515 | D:6      | Reached XP level 8. HP: 41/41 MP: 8/19
  4540 | D:6      | Reached skill level 8 in Conjurations
  5326 | D:7      | Learned a level 3 spell: Spider Form
  5395 | D:7      | Found Goxobic's Armour Shop.
  5446 | D:7      | Reached skill level 9 in Conjurations
  5603 | D:7      | Reached XP level 9. HP: 28/45 MP: 7/21
  5746 | D:7      | Found a staircase to the Ecumenical Temple.
  5761 | Temple   | Entered the Ecumenical Temple
  6374 | D:8      | Found a blossoming altar of Fedhas.
  6576 | D:8      | Reached skill level 1 in Staves
  6774 | D:8      | Reached skill level 5 in Hexes
  6834 | D:8      | Noticed Joseph
  7048 | D:8      | Killed Joseph
  7397 | D:8      | Reached skill level 10 in Conjurations
  7457 | D:9      | Found an iron altar of Okawaru.
  7586 | D:9      | Found a radiant altar of Vehumet.
  7594 | D:9      | Became a worshipper of Vehumet
  7629 | D:9      | Learned a level 1 spell: Summon Butterflies
  7631 | D:9      | Learned a level 1 spell: Apportation
  7635 | D:9      | Learned a level 3 spell: Tukima's Dance
  7813 | D:9      | Reached XP level 10. HP: 24/50 MP: 0/24
  7971 | D:9      | Reached * piety under Vehumet
  7971 | D:9      | Offered knowledge of Freeze by Vehumet.
  8032 | D:9      | Found a staircase to the Lair.
  8091 | D:9      | Noticed a deep elf mage
  8196 | D:9      | Killed a deep elf mage
  8302 | D:9      | Got a bloodstained helmet
  8308 | D:9      | Identified the +2 helmet of the Monkey's Uncle {Dex+4 SInv} (You found it on level 9 of the Dungeon)
  8447 | Lair:1   | Entered Level 1 of the Lair of Beasts
  8447 | Lair:1   | Noticed Mulqof's ghost (journeyman DsGl)
  8460 | D:10     | Entered Level 10 of the Dungeon
  8571 | D:10     | Reached skill level 11 in Conjurations
  8628 | D:10     | Offered knowledge of Flame Tongue by Vehumet.
  8787 | D:10     | Reached ** piety under Vehumet
  9119 | D:10     | Found Ocot's Antique Armour Boutique.
  9695 | D:11     | Noticed a hill giant
  9711 | D:11     | Noticed a green ugly thing
  9718 | D:11     | Reached XP level 11. HP: 52/54 MP: 14/26
  9747 | D:11     | Killed a green ugly thing
  9766 | D:11     | Offered knowledge of Conjure Flame by Vehumet.
  9771 | D:11     | Learned a level 3 spell: Conjure Flame
  9792 | D:11     | Noticed Urug
  9860 | D:11     | Noticed a six-headed hydra
  9955 | D:11     | Killed Urug
 10010 | D:11     | Killed a six-headed hydra
 10018 | D:11     | Got a brightly glowing quarterstaff
 10019 | D:11     | Identified the +7 quarterstaff "Qotixuoj" {crush, -Tele MP+9 Int+6 SInv} (You found it on level 11 of the Dungeon)
 10150 | D:11     | Killed a hill giant
 10150 | D:11     | Reached skill level 12 in Conjurations
 10190 | D:11     | Reached *** piety under Vehumet
 10196 | D:11     | Reached skill level 5 in Staves
 10228 | D:11     | HP: 2/54 [poisoned by a centaur]
 10235 | D:11     | HP: 2/54 [poisoned by a centaur]
 10243 | D:11     | HP: 1/54 [poisoned by a centaur]
 10664 | D:11     | Offered knowledge of Airstrike by Vehumet.
 10684 | D:12     | Noticed a purple ugly thing
 10778 | D:12     | Reached skill level 10 in Spellcasting
 10800 | D:12     | Noticed a skeletal warrior
 10800 | D:12     | Noticed a skeletal warrior
 10802 | D:12     | Noticed a deep elf mage
 10899 | Lair:1   | Noticed a four-headed hydra
 10999 | Lair:1   | Mangled by a spiny frog

Vault maps used:
D:1:      shiori_arrival_whats_in_store_for_you
D:2:      xom_redecorated, first_bread
D:3:      zin_academy, glass_columns_b, minmay_misc_feat_nine_boxes,
          cheibriados_altar_1
D:4:      fedhas_bush_and_centaur_altar, yredelemnul_altar_generic,
          enter_ossuary_5, uniq_eustachio, uniq_blork_the_orc
D:5:      okawaru_metal_pillars_1_2, lemuel_round_altar, lemuel_round_altar,
          serial_shops, nicolae_shop_crystal
D:6:      uniq_crazy_yiuf_cottage
D:7:      temple_pool_b, serial_shops, shop
D:8:      hangedman_tree_tricks, uniq_joseph
D:9:      lemuel_crystal_altar, minmay_lair_entry_grove, basic_altar,
          corexii_corridor_pit, minmay_diamond_spiral
D:10:     serial_shops, shop_statue
D:11:     uniq_urug
D:12:     kennysheep_orc_monster_closet_entryway, serial_shops, shop
Temple:   oiseaux_autumnal_temple_12
Lair:1:   lemuel_fruit_tree
Ossuary:  ossuary_crypta

Skill      XL: |  1  2  3  4  5  6  7  8  9 10 11 |
---------------+----------------------------------+-----
Conjurations   | 5 6 7 9 10 11 12 | 12.2
Stealth        | 3 4 5 6 7 9 |  9.8
Spellcasting   | 4 5 6 7 8 9 10 | 10.0
Dodging        | 3 |  3.2
Charms         | 1 3 5 6 7 9 |  9.7
Hexes          | 2 4 6 7 8 |  8.7
Staves         | 2 4 5 |  5.3

Action                   |  1- 3 |  4- 6 |  7- 9 | 10-12 || total
-------------------------+-------+-------+-------+-------++-------
Melee: Unarmed           |     2 |     2 |       |       ||     4
       Quarterstaff      |       |       |    50 |    35 ||    85
 Cast: Magic Dart        |    88 |   106 |   260 |   184 ||   638
       Dazzling Spray    |       |    12 |    44 |    38 ||    94
       Iskenderun's Batt |       |       |    13 |    33 ||    46
       Fulminant Prism   |       |       |     1 |     7 ||     8
       Summon Butterflie |       |       |     1 |     1 ||     2
       Spider Form       |       |       |     1 |     1 ||     2
       Tukima's Dance    |       |       |       |     1 ||     1
  Use: Scroll            |       |       |    10 |     9 ||    19
       Potion            |       |       |       |     2 ||     2
 Stab: Sleeping          |     1 |       |       |       ||     1
       Invisible         |       |       |     4 |     6 ||    10
  Eat: Chunk             |     3 |     5 |    16 |    16 ||    40
       Fruit             |       |       |     1 |       ||     1
